 Dungeon Crawl Stone Soup version 0.31.0-11-ge490571c62 (webtiles) character file.

Game seed: 5265817674789005858

226 Chiseanne the Chiller (level 5, -5/37 (41) HPs)
             Began as a Demonspawn Wanderer on Feb 10, 2024.
             Slain by a hell rat (13 damage)
             ... in a sewer.
             The game lasted 00:04:19 (1734 turns).

Chiseanne the Chiller (Demonspawn Wanderer)         Turns: 1734, Time: 00:04:20

HP:   -5/37 (41)    AC:  7    Str: 14    XL:     5   Next: 69%
MP:   6/6           EV: 11    Int: 12    God:
Gold: 180           SH:  4    Dex: 13    Spells: 6/6 levels left

rFire   . . .        a - +0 quarterstaff (drain)
rCold   . . .        (shield currently unavailable)
rNeg    . . .        b - +1 ring mail
rPois   .            f - +0 helmet
rElec   .            (no cloak)
rCorr   +            (no gloves)
SInv    .            (no boots)
Will    .....        (no amulet)
Stlth   +            l - ring of resist corrosion
HPRegen 0.26/turn    (no ring)
MPRegen 0.10/turn

%: no passive effects
@: drained
A: powered by death 1, condensation shield
a: no special abilities


You were in a sewer.
You visited 1 branch of the dungeon, and saw 4 of its levels.
You also visited: Sewer.

You collected 180 gold pieces.

Inventory:

Hand Weapons
 a - a +0 quarterstaff of draining (weapon)
 m - a +3 dagger of flaming
Missiles
 d - 2 poisoned darts
 e - 13 stones
Armour
 b - a +1 ring mail (worn)
 f - a +0 helmet (worn)
Jewellery
 j - a ring of fire
 l - a ring of resist corrosion (left hand)
Wands
 n - a wand of iceblast (9)
Scrolls
 c - a scroll of teleportation
 i - a scroll of silence {unknown}
 k - 2 scrolls of immolation {unknown}
Potions
 g - a potion of enlightenment
 h - 3 potions of curing


   Skills:
 * Level 3.1 Fighting
 - Level 1.7 Staves
 * Level 3.4 Armour
 * Level 2.6 Dodging
 - Level 1.0 Stealth
 - Level 1.0 Spellcasting
 - Level 3.6 Ice Magic


You had 6 spell levels left.
You didn't know any spells.
Your spell library contained the following spells:

 Spells                   Type           Power      Damage    Failure   Level
 Freeze                   Ice            36%        1d5       14%         1
 Ozocubu's Armour         Ice            9%         N/A       38%         3
 Ensorcelled Hibernation  Hex/Ice        8%         N/A       41%         2
 Blink                    Tloc           0%         N/A       65%         2
 Lesser Beckoning         Tloc           0%         N/A       65%         2
 Momentum Strike          Conj/Tloc      0%         3d8       65%         2


Dungeon Overview and Level Annotations

Branches:
Dungeon (4/15)              Sewer (1/1)
 Temple: D:4-7

Altars:

Annotations:
D:2 Sigmund


Innate Abilities, Weirdness & Mutations

You regenerate a little health from kills.
A meltable shield of frost defends you. (SH +4)


Message History

The hell rat splashes around in the water.
The hell rat bites you!
* * * LOW HITPOINT WARNING * * *
You feel drained.
* * * LOW HITPOINT WARNING * * *
You are too injured to fight recklessly!
You are too injured to fight recklessly!
You are too injured to fight recklessly!
You are too injured to fight recklessly!
You are too injured to fight recklessly!
You are too injured to fight recklessly!
You are too injured to fight recklessly!
You are too injured to fight recklessly!
You are too injured to fight recklessly!
You are too injured to fight recklessly!
You are too injured to fight recklessly!
You are too injured to fight recklessly!
You are too injured to fight recklessly!
You are too injured to fight recklessly!
You are too injured to fight recklessly!
You are too injured to fight recklessly!
You are too injured to fight recklessly!
You are too injured to fight recklessly!
You are too injured to fight recklessly!
You are too injured to fight recklessly!
You are too injured to fight recklessly!
You closely miss the hell rat.
The hell rat is heavily wounded.
The hell rat splashes around in the water.
You completely miss the hell rat.
The hell rat is heavily wounded.
The hell rat bites you but does no damage.
The hell rat splashes around in the water.
You barely miss the hell rat.
The hell rat is heavily wounded.
The hell rat splashes around in the water.
You hit the hell rat.
The hell rat is severely wounded.
The hell rat bites you!
You die...

###.~.###
#~~.~~~.#
##..~~~.~##
#~..###..~#
##.~##~##~~##
#~.~#...#..~#
#.~##?~~##~.#
#††#!!~~~#.~#
#∩∩#∩!~~r@~.#
#†~#?!~~.#..#
#~~##!.~##..#
#.~~#..~ ~~.#
##~~##~ .~##
~.~## .~~#
#~.~ ~.##
~....~.


You could see a hell rat.

Vanquished Creatures
  An orc priest (D:4)
  Ijyb (D:4)
  4 river rats (Sewer)
  6 adders
  2 dart slugs
  4 orcs
  12 ball pythons
  An endoplasm (D:2)
  3 giant cockroaches (D:3)
  9 goblins
  2 hobgoblins
  8 jackals
  3 quokkas
  7 bats
  A frilled lizard (D:2)
  A kobold (D:4)
  8 rats
73 creatures vanquished.

Vanquished Creatures (others)
  A hobgoblin (D:4)
1 creature vanquished.

Grand Total: 74 creatures vanquished

Notes
Turn   | Place    | Note
-------+----------+-------------------------------------------
     0 | D:1      | Chiseanne the Demonspawn Wanderer began the quest for the
                  | Orb.
     0 | D:1      | Chiseanne set off with the following items: a +0
                  | quarterstaff, a +0 ring mail, a scroll of teleportation;
                  | and the following spell memorised: Freeze; and the
                  | following spells available to memorise: Ozocubu's Armour,
                  | Ensorcelled Hibernation.
     0 | D:1      | Reached XP level 1. HP: 13/13 MP: 2/2
   235 | D:1      | Found a faded altar of an unknown god.
   248 | D:1      | Gained mutation: A meltable shield of frost defends you.
                  | (SH +4) [demonic ancestry]
   248 | D:1      | Reached XP level 2. HP: 17/20 MP: 3/3
   328 | D:1      | Reached skill level 1 in Fighting
   340 | D:1      | Reached skill level 1 in Dodging
   526 | D:2      | Gained mutation: You regenerate a little health from kills.
                  | [demonic ancestry]
   526 | D:2      | Reached XP level 3. HP: 24/26 MP: 4/4
   785 | D:2      | Noticed Sigmund
  1014 | D:3      | Reached XP level 4. HP: 30/33 MP: 5/5
  1592 | D:4      | Noticed Ijyb
  1600 | D:4      | Killed Ijyb
  1601 | D:4      | Reached XP level 5. HP: 37/39 MP: 6/6
  1661 | D:4      | Found a glowing drain.
  1670 | Sewer    | Entered a sewer
  1734 | Sewer    | Slain by a hell rat

Illustrated notes

Levels and vault maps discovered:
D:1:      lightli_arrival_quake, layout_rooms,
          shapermc_ecumenical_altar_acropolis
D:2:      layout_loops_cross, dreamdust_princess_bridge, uniq_sigmund
D:3:      layout_rooms, corexii_hall_statues_x, minmay_snake_closets
D:4:      layout_cave_pools, portal_sewer_entry_d, uniq_ijyb
Sewer:    sewer_hellmonk_bad_rat

Skill      XL: |  1  2  3  4  5 |
---------------+----------------+-----
Armour         | 2 3 |  3.4
Fighting       | 1 2 3 |  3.1
Dodging        | 1 2 |  2.6
Staves         | |  1.7
Stealth        | |  1.0
Spellcasting   | |  1.0
Ice Magic      | |  3.6

Action                     |  1- 3 |  4- 6 || total
---------------------------+-------+-------++-------
  Melee: Quarterstaff      |   107 |    93 ||   200
    Use: Scroll            |     8 |     4 ||    12
         Potion            |       |     1 ||     1
 Armour: Ring mail         |    81 |    75 ||   156
  Dodge: Dodged            |    72 |    71 ||   143
  Block: Other             |    21 |    15 ||    36
